 Dungeon Sprint DCSS version 0.21.1-1-g345015f (webtiles) character file.

19161 equalderp2856 the Fencer (level 12, -25/128 HPs)
             Began as a Minotaur Fighter on May 19, 2018.
             Annihilated by a stone giant (34 damage)
             ... in the Dungeon (Sprint IX: "|||||||||||||||||||||||||||||").
             The game lasted 00:09:43 (4010 turns).

equalderp2856 the Fencer (Minotaur Fighter)         Turns: 4010, Time: 00:09:44

Health: -25/128    AC: 22    Str: 22    XL:     12   Next: 34%
Magic:  11/11      EV:  9    Int:  7    God:
Gold:   1395       SH: 14    Dex:  7    Spells: 11/11 levels left

rFire    + . .     SeeInvis .   t - +2 scimitar (flame)
rCold    + . .     Gourm    .   c - +0 shield
rNeg     . . .     Faith    .   F - +1 plate armour of the Trees {rElec rC++ Dex-5}
rPois    .         Spirit   .   (helmet restricted)
rElec    +         Reflect  .   s - +0 cloak
rCorr    .         Harm     .   r - +0 pair of gloves
MR       .....     NoTele   +   (no boots)
Stlth    ..........             H - amulet of rage
HPRegen  0.31/turn              G - ring of fire
MPRegen  0.12/turn              (no ring)

@: starving
A: retaliatory headbutt, horns 2
a: Evoke Berserk Rage


You were in the Dungeon.
You were starving.

You visited 1 branch You collected 1920 gold pieces.
You spent 525 gold pieces at shops.

Inventory:

Hand Weapons
 a - a +0 long sword
 t - a +2 scimitar of flaming (weapon)
 u - a +3 war axe of chopping
 B - a +1 long sword of holy wrath
 D - a +2 great sword of freezing
 E - a +4 vampiric trident
 K - a +1 demon blade
 L - the +7 scimitar "Irchacev" {vamp, rElec rC++ Str+4}
   (You found it in the Dungeon)

   It inflicts no extra harm, but heals its wielder when it wounds a living foe.
   It affects your strength (+4).
   It greatly protects you from cold.
   It insulates you from electricity.
 M - a +2 spear of venom
 N - a +4 hunting sling of velocity
Armour
 b - a +0 scale mail
 c - a +0 shield (worn)
 q - a +1 chain mail
 r - a +0 pair of gloves (worn)
 s - a +0 cloak (worn)
 C - a +0 plate armour
 F - the +1 plate armour of the Trees (worn) {rElec rC++ Dex-5}
   (You bought it in a shop in the Dungeon)

   It affects your dexterity (-5).
   It greatly protects you from cold.
   It insulates you from electricity.
 O - a +2 plate armour
 T - +1 fire dragon scales
Jewellery
 o - a +2 ring of protection
 p - a +3 ring of intelligence
 G - a ring of fire (left hand)
 H - an amulet of rage (around neck)
 I - an uncursed ring of poison resistance
 J - an uncursed ring of see invisible
Wands
 n - a wand of acid (8)
 y - a wand of clouds (3)
Scrolls
 k - 3 scrolls of blinking
 l - 3 scrolls of remove curse
 m - 2 scrolls of amnesia
 z - 8 scrolls of enchant weapon
 A - 3 scrolls of enchant armour
 Q - a scroll of fear
 R - a scroll of identify
 S - a scroll of fog
Potions
 d - a potion of might
 e - 5 potions of curing
 g - 5 potions of heal wounds
 h - a potion of haste
 i - 4 potions of magic
 j - a potion of invisibility
 v - 2 potions of berserk rage
 w - 5 potions of agility
 x - a potion of brilliance
 P - a potion of mutation
Comestibles
 f - 11 rations


   Skills:
 + Level 18.7 Fighting
 + Level 19.7 Long Blades
 + Level 16.6 Armour
 + Level 6.7 Dodging
 + Level 2.8 Stealth
 + Level 16.5 Shields
 + Level 0.4 Evocations


You had 11 spell levels left.
You didn't know any spells.

Dungeon Overview and Level Annotations

Branches:
Dungeon (1/1)

Altars:
Cheibriados
Dithmenos
Elyvilon
Fedhas
Gozag
Hepliaklqana
Kikubaaqudgha
Makhleb
Nemelex Xobeh
Okawaru
Qazlal
Ru
Sif Muna
Trog
Uskayaw
Vehumet
Wu Jian
Xom
Yredelemnul
Zin
The Shining One
Beogh
Jiyva
Lugonu

Shops:
D ??[(


Innate Abilities, Weirdness & Mutations

You reflexively headbutt those who attack you in melee.
You have a pair of horns on your head.


Message History

* * * LOW HITPOINT WARNING * * *
You hit the fire dragon. Your headbutt misses the fire dragon.
The fire dragon is heavily wounded.
You slice the fire dragon!! You burn the fire dragon.
The fire dragon is almost dead.
You block the fire dragon's attack. x2
The fire dragon tramples you but does no damage.
You slash the fire dragon!
You kill the fire dragon!
You slice the stone giant!! You burn the stone giant!
The stone giant is moderately wounded.
You hit the stone giant. You burn the stone giant.
The stone giant is moderately wounded.
The stone giant hits you!!
* * * LOW HITPOINT WARNING * * *
You hit the stone giant but do no damage.
You headbutt the stone giant, but do no damage.
The stone giant is moderately wounded.
The stone giant hits you!!
You die...

,*,*,*,*,▓)▓.▓)▓.▓.▓.▓.▓
,*,*,*,*,▓.▓.▓.▓.▓'▓.▓'▓
,*,*,*,*,▓.▓.▓)▓.▓.▓.▓_▓
,*,*,*,*,▓.▓.▓.▓.▓.▓.▓_▓
,*,*,*,*,▓.▓.▓.▓.▓.▓.▓_▓
,*,*,*,*,▓.▓.▓.▓.▓.▓.▓_▓
,*+*,*,*,▓.▓.▓.▓.▓.▓.▓_▓
,*,*,*+*,▓.▓.▓.▓.▓.▓.▓_▓
,*,*,*,*,▓.▓.▓.▓@▓.▓.▓_▓
,*,*,*,*,▓.▓.▓.▓C▓.▓.▓_▓
,*,*,*,*,▓.▓.▓.▓.▓.▓.▓_▓
,*,*,*,*,▓[▓.▓.▓.▓'▓.▓_▓
,*,*,*,*,▓[▓.▓.▓.▓.▓.▓_▓
,*,*,*,*,▓[▓.▓.▓.▓.▓.▓_▓
,*,*,*,*,▓.▓.▓)▓.▓.▓.▓_▓
,*,*,*,*,▓[▓.▓'▓.▓.▓.▓_▓
,*,*,*,*,▓[▓.▓.▓.▓.▓.▓_▓


You could see a stone giant.

Vanquished Creatures
  An ettin (D)
  A hydra (D)
  A fire dragon (D)
  A centaur warrior (D)
  6 death yaks (D)
  A deep troll earth mage (D)
  11 orc knights (D)
  2 manticores (D)
  An orc sorcerer (D)
  3 spiny frogs (D)
  A yaktaur (D)
  An efreet (D)
  A komodo dragon (D)
  A meliai (D)
  3 trolls (D)
  A slime creature (D)
  A blink frog (D)
  2 hippogriffs (D)
  4 yaks (D)
  A wyvern (D)
  A vampire mosquito (D)
  A soldier ant (D)
  2 porcupines (D)
  10 orc warriors (D)
  An ogre (D)
  A centaur (D)
  5 crocodiles (D)
  4 bullfrogs (D)
  A killer bee (D)
  A jelly (D)
  3 orc priests (D)
  7 orc wizards (D)
  An iguana (D)
  A gnoll (D)
  An adder (D)
  A shadow imp (D)
  7 orcs (D)
  A bat (D)
  A bat skeleton (D)
  A giant cockroach (D)
  A goblin (D)
  2 kobolds (D)
98 creatures vanquished.

Notes
Turn   | Place    | Note
-------+----------+-------------------------------------------
     0 | D        | equalderp2856 the Minotaur Fighter began the quest for the Orb.
     0 | D        | Reached XP level 1. HP: 19/19 MP: 0/0
    30 | D        | Noticed a centaur
    30 | D        | Noticed an ogre
    34 | D        | Reached XP level 2. HP: 19/28 MP: 1/1
    37 | D        | Reached skill level 5 in Fighting
    37 | D        | Reached skill level 3 in Long Blades
    37 | D        | Reached skill level 5 in Armour
    40 | D        | Killed an ogre
    40 | D        | Reached skill level 4 in Long Blades
    40 | D        | Reached XP level 3. HP: 35/38 MP: 2/2
    40 | D        | Reached XP level 4. HP: 42/45 MP: 3/3
    46 | D        | Killed a centaur
    46 | D        | Reached skill level 5 in Long Blades
    46 | D        | Reached XP level 5. HP: 35/53 MP: 4/4
   146 | D        | Found a roughly hewn altar of Beogh.
   146 | D        | Found a snail-covered altar of Cheibriados.
   146 | D        | Found a shadowy altar of Dithmenos.
   146 | D        | Found a white marble altar of Elyvilon.
   146 | D        | Found a blossoming altar of Fedhas.
   146 | D        | Found an opulent altar of Gozag.
   147 | D        | Found a hazy altar of Hepliaklqana.
   148 | D        | Found a viscous altar of Jiyva.
   149 | D        | Found an ancient bone altar of Kikubaaqudgha.
   150 | D        | Found a corrupted altar of Lugonu.
   151 | D        | Found a burning altar of Makhleb.
   152 | D        | Found a sparkling altar of Nemelex Xobeh.
   153 | D        | Found an iron altar of Okawaru.
   154 | D        | Found a stormy altar of Qazlal.
   155 | D        | Found a sacrificial altar of Ru.
   156 | D        | Found a deep blue altar of Sif Muna.
   157 | D        | Found a bloodstained altar of Trog.
   158 | D        | Found a hide-covered altar of Uskayaw.
   159 | D        | Found a radiant altar of Vehumet.
   160 | D        | Found an ornate altar of the Wu Jian Council.
   161 | D        | Found a shimmering altar of Xom.
   162 | D        | Found a basalt altar of Yredelemnul.
   163 | D        | Found a glowing silver altar of Zin.
   164 | D        | Found a glowing golden altar of the Shining One.
   230 | D        | Noticed a soldier ant
   230 | D        | Noticed a hippogriff
   234 | D        | Killed a hippogriff
   234 | D        | Reached skill level 6 in Long Blades
   234 | D        | Reached XP level 6. HP: 62/66 MP: 5/5
   246 | D        | Killed a soldier ant
   246 | D        | Reached skill level 10 in Fighting
   246 | D        | Reached skill level 7 in Long Blades
   248 | D        | Reached skill level 10 in Armour
   248 | D        | Reached XP level 7. HP: 66/73 MP: 6/6
   250 | D        | Reached skill level 8 in Long Blades
   250 | D        | Reached skill level 10 in Shields
   301 | D        | Noticed a wyvern
   301 | D        | Noticed a troll
   301 | D        | Noticed a troll
   301 | D        | Noticed a troll
   301 | D        | Noticed a yak
   303 | D        | Killed a yak
   303 | D        | Reached skill level 9 in Long Blades
   307 | D        | Killed a troll
   309 | D        | Killed a troll
   309 | D        | Reached skill level 10 in Long Blades
   309 | D        | Reached skill level 1 in Dodging
   309 | D        | Reached XP level 8. HP: 68/82 MP: 7/7
   317 | D        | Killed a troll
   317 | D        | Reached skill level 11 in Long Blades
   613 | D        | Noticed a spiny frog
   614 | D        | Noticed a blink frog
   614 | D        | Reached skill level 12 in Long Blades
   622 | D        | Killed a spiny frog
   622 | D        | Reached XP level 9. HP: 50/91 MP: 8/8
   628 | D        | Reached skill level 13 in Long Blades
   866 | D        | Noticed a six-headed hydra
   866 | D        | Noticed a spiny frog
   867 | D        | Reached skill level 14 in Long Blades
   869 | D        | Noticed a spiny frog
   876 | D        | Killed a spiny frog
   887 | D        | Killed a two-headed hydra
   887 | D        | Reached skill level 15 in Long Blades
   887 | D        | Reached skill level 1 in Stealth
   887 | D        | Reached XP level 10. HP: 77/102 MP: 9/9
   892 | D        | Killed a spiny frog
   910 | D        | Reached skill level 16 in Long Blades
  1094 | D        | Noticed a death yak
  1094 | D        | Noticed a death yak
  1094 | D        | Noticed a death yak
  1094 | D        | Noticed a death yak
  1094 | D        | Noticed a death yak
  1094 | D        | Noticed a death yak
  1101 | D        | Killed a death yak
  1111 | D        | Killed a death yak
  1124 | D        | Killed a death yak
  1124 | D        | Reached skill level 5 in Dodging
  1341 | D        | Killed a death yak
  1341 | D        | Reached skill level 15 in Fighting
  1341 | D        | Reached skill level 17 in Long Blades
  1348 | D        | Killed a death yak
  1348 | D        | Reached XP level 11. HP: 48/113 MP: 10/10
  1596 | D        | Killed a death yak
  2050 | D        | Noticed an orc knight
  2050 | D        | Noticed an orc sorcerer
  2060 | D        | Killed an orc sorcerer
  2087 | D        | Killed an orc knight
  2221 | D        | Reached skill level 18 in Long Blades
  2358 | D        | Found Zeufuj's Antique Weapon Boutique.
  2358 | D        | Noticed an orc knight
  2358 | D        | Noticed an orc knight
  2358 | D        | Noticed an orc knight
  2358 | D        | Noticed an orc knight
  2406 | D        | Killed an orc knight
  2487 | D        | Killed an orc knight
  2487 | D        | Reached skill level 15 in Armour
  2576 | D        | Killed an orc knight
  2591 | D        | Reached skill level 15 in Shields
  2604 | D        | Killed an orc knight
  2781 | D        | Noticed an orc knight
  2791 | D        | Killed an orc knight
  2855 | D        | Noticed an orc knight
  2864 | D        | Killed an orc knight
  2878 | D        | Noticed an orc knight
  2894 | D        | Killed an orc knight
  2939 | D        | Found Dereyt's Armour Shop.
  2940 | D        | Noticed an orc knight
  2941 | D        | Found Ibycuf's Magic Scroll Boutique.
  2943 | D        | Found Xest's Magic Scroll Shop.
  2948 | D        | Noticed an orc knight
  2949 | D        | Killed an orc knight
  2953 | D        | Noticed an orc knight
  3163 | D        | Killed an orc knight
  3163 | D        | Reached skill level 19 in Long Blades
  3192 | D        | Killed an orc knight
  3447 | D        | Bought a scroll of magic mapping for 35 gold pieces
  3460 | D        | Bought the +1 plate armour of the Trees {rElec rC++ Dex-5} for 490 gold pieces
  3597 | D        | Got the +7 scimitar "Irchacev" {vamp, rElec rC++ Str+4}
  3730 | D        | Noticed a centaur warrior
  3742 | D        | Reached XP level 12. HP: 59/127 MP: 11/11
  3750 | D        | Noticed a deep troll earth mage
  3764 | D        | Killed a centaur warrior
  3766 | D        | Noticed an ettin
  3777 | D        | Killed a deep troll earth mage
  3778 | D        | Noticed a fire dragon
  3779 | D        | Noticed a stone giant
  4000 | D        | Killed an ettin
  4007 | D        | Killed a fire dragon
  4010 | D        | Annihilated by a stone giant

Skill      XL: |  1  2  3  4  5  6  7  8  9 10 11 12 |
---------------+-------------------------------------+-----
Fighting       | 4 6 8 9 10 11 12 13 15 18 | 18.7
Armour         | 4 6 7 9 10 11 12 13 14 16 | 16.6
Shields        | 4 6 7 9 11 12 14 15 16 | 16.5
Long Blades    | 4 5 6 7 10 12 15 17 19 | 19.7
Dodging        | 1 2 3 5 6 |  6.7
Stealth        | 1 2 |  2.8
Evocations     | |  0.4

Action                   |  1- 3 |  4- 6 |  7- 9 | 10-12 || total
-------------------------+-------+-------+-------+-------++-------
Melee: Long sword        |    15 |     4 |       |       ||    19
       Headbutt          |     5 |     5 |    17 |    64 ||    91
       Scimitar          |       |    17 |    75 |   320 ||   412
Evoke: Wand              |       |       |       |     2 ||     2
  Use: Potion            |     1 |       |       |     1 ||     2
       Scroll            |       |       |       |     1 ||     1
  Eat: Chunk             |       |       |       |     8 ||     8
Armor: Scale mail        |     8 |     4 |       |       ||    12
       Chain mail        |       |    10 |    14 |    25 ||    49
       Plate armour      |       |       |       |    31 ||    31
Dodge: Dodged            |     4 |    10 |    16 |    39 ||    69
Block: Shield            |     5 |     9 |    32 |    94 ||   140
       Rpst.: Long sword |     1 |       |       |       ||     1
       Scimitar          |       |     2 |     2 |    15 ||    19
